cohdb
Replays
Latest Replays
All Replays
Popular Replays
Top Player Replays
Match Explorer
How It Works
Community
CoH3 Stats
Reddit
Sign in to upload your games and track your stats! →
Sign in with Steam
Match 41289562
Unlisted
Match 41289562
Overview
Messages
Build Orders
End
Construct Section Command Post
Selects Australian Defense Battlegroup
Selects Australian Light Infantry Section
Royal Engineer Section
Dingo Light Scout Car
Dingo Light Scout Car
Selects Defensive Tactics
Construct Platoon Command Post
Infantry Section
Unlock M3 Stuart Light Tanks
M3 Stuart Light Tank
Construct Field Infirmary
M3 Stuart Light Tank
Infantry Section
Selects Hold the Line!
Construct Company Command Post
Crusader II Medium Tank
Grenade Package
Mochi_flamer
alphaelf
(Luke_NPG
Hello
Lucid
Valdai
lazhadeg
下着を逆に着る
0
0
Comments
sign in to comment!
No comments posted yet!